 Dungeon Crawl Stone Soup version 0.30.0-16-gbe6223bb7e (webtiles) character file.

Game seed: 18261675204666747267

4338 bnnuy the Covert (level 10, 0/58 HPs)
             Began as a Gargoyle Delver on May 20, 2023.
             Was a Priest of Dithmenos.
             Slain by a troll (7 damage)
             ... on level 10 of the Dungeon.
             The game lasted 00:43:03 (10399 turns).

bnnuy the Covert (Gargoyle Delver)                 Turns: 10399, Time: 00:43:04

Health: 0/58       AC: 16    Str: 18 (19) XL:     10   Next: 33%
Magic:  9/14       EV: 28    Int:  8 (10) God:    Dithmenos [***...]
Gold:   345        SH:  0    Dex: 12 (13) Spells: 12/15 levels left

rFire   . . .        a - +6 dagger
rCold   . . .        (no shield)
rNeg    + . .        D - +0 leather armour
rPois   ∞            H - +1 helmet
rElec   +            (no cloak)
rCorr   +            (no gloves)
SInv    .            (no boots)
Will    .....        y - amulet of the acrobat
Stlth   +++++        i - ring of resist corrosion
HPRegen 0.29/turn    M - +4 ring of protection
MPRegen 0.14/turn

%: acrobat
@: on berserk cooldown, acrobatic, hasted and slowed, wreathed by umbra
A: sickness immunity, AC +7, negative energy resistance 1, electricity
resistance, torment resistance 1, petrification resistance
a: Renounce Religion, Shadow Step


You were on level 10 of the Dungeon.
You worshipped Dithmenos.
Dithmenos was most pleased with you.
You visited 2 branches of the dungeon, and saw 11 of its levels.

You collected 436 gold pieces.
You spent 91 gold pieces at shops.

Inventory:

Hand Weapons
 a - a +6 dagger (weapon)
 b - the +5 mace "Aneunof" {flame, rC+ rCorr SInv}
   (You found it on level 4 of the Dungeon)

   rC:        It protects you from cold.
   SInv:      It lets you see invisible.
   rCorr:     It protects you from acid and corrosion.
 n - a +0 short sword
 p - a +0 mace
Missiles
 m - 2 datura-tipped darts (quivered)
 q - 92 stones
 x - a throwing net
Armour
 j - a +0 chain mail
 r - a +0 chain mail
 D - a +0 leather armour (worn)
 H - a +1 helmet (worn)
 N - +0 acid dragon scales
Jewellery
 i - a ring of resist corrosion (left hand)
 y - an amulet of the acrobat (around neck)
 C - the ring "Witinume" {Drain rF+ MP+9 Dex+2}
   (You found it on level 4 of the Dungeon)

   [ring of magical power]

   Dex:       It affects your dexterity (+2).
   rF:        It protects you from fire.
   MP:        It affects your magic capacity (+9).
   Drain:     It drains your maximum health when unequipped.
 L - an amulet of guardian spirit
 M - a +4 ring of protection (right hand)
 Q - a +6 ring of intelligence
 R - an amulet of magic regeneration
Wands
 g - a wand of digging (3)
 t - a wand of paralysis (11)
Scrolls
 c - 2 scrolls of fog
 k - a scroll of brand weapon {unknown}
 l - 3 scrolls of noise
 o - a scroll of blinking
 s - 2 scrolls of vulnerability {unknown}
 u - a scroll of enchant weapon {unknown}
 v - 2 scrolls of enchant armour
 A - a scroll of magic mapping
 B - 2 scrolls of poison {unknown}
 E - 2 scrolls of teleportation {unknown}
 F - 2 scrolls of immolation {unknown}
Potions
 d - 3 potions of attraction
 e - a potion of flight
 f - a potion of brilliance
 h - 2 potions of curing
 z - a potion of berserk rage
 G - a potion of degeneration
 I - a potion of ambrosia {unknown}
 J - a potion of invisibility {unknown}
 K - 2 potions of magic
 O - 2 potions of might
 P - a potion of heal wounds {unknown}


   Skills:
 - Level 4.6 Fighting
 + Level 8.1 Short Blades
 - Level 5.0 Maces & Flails
 - Level 5.0 Dodging
 + Level 10.0 Stealth
 + Level 3.0 Spellcasting
 + Level 3.0 Hexes


You had 12 spell levels left.
You knew the following spells:

 Your Spells              Type           Power      Damage    Failure   Level
a - Confusing Touch       Hex            6%         N/A       32%         3

Your spell library contained the following spells:

 Spells                   Type           Power      Damage    Failure   Level
 Kiss of Death            Conj/Necr      4%         2d5       36%         1
 Frozen Ramparts          Ice            2%         1d1       75%         3
 Gell's Gravitas          Tloc           1%         N/A       75%         3
 Stone Arrow              Conj/Erth      2%         3d7       75%         3
 Teleport Other           Tloc           1%         N/A       75%         3
 Animate Armour           Summ/Erth      2%         N/A       98%         4
 Dispel Undead            Necr           1%         3d6       98%         4
 Ice Form                 Ice/Tmut       1%         N/A       98%         4
 Summon Ice Beast         Ice/Summ       1%         N/A       98%         4
 Dispersal                Tloc           0%         N/A       100%        6
 Lehudib's Crystal Spear  Conj/Erth      0%         10d2      100%        8


Dungeon Overview and Level Annotations

Branches:
Dungeon (10/15)            Temple (1/1) D:6            Lair (0/5) D:9
    Orc: D:9-12

Altars:
Ashenzari
Cheibriados
Dithmenos
Elyvilon
Hepliaklqana
Makhleb
Nemelex Xobeh
Qazlal
Ru
Sif Muna
Trog
Vehumet
Wu Jian
The Shining One

Shops:
D:1 :   D:4 !

Annotations:
D:3 1 runed translucent door, Crazy Yiuf
D:8 exclusion: downstairs
D:9 Maggie


Innate Abilities, Weirdness & Mutations

You are immune to sickness and miasma.
Your stone body is resilient. (AC +7)
You are immune to poison.
You resist negative energy. (rN+)
You are resistant to electric shocks. (rElec)
You are resistant to unholy torment.
You are immune to petrification.


Message History

Casting: Confusing Touch (dangerous; 32% risk of failure)
Confirm with . or Enter, or press ? or * to list all spells.
Okay, then.
Casting: Confusing Touch (dangerous; 32% risk of failure)
Confirm with . or Enter, or press ? or * to list all spells.
Your hands begin to glow red.
The troll misses you. The troll completely misses you.
The troll barely misses you.
A red film seems to cover your vision as you go berserk!
You feel yourself moving faster!
You feel mighty! The troll completely misses you. The troll claws you.
The troll barely misses you.
You hit the troll but do no damage. You hit the troll but do no damage.
The troll bites you! The troll barely misses you.
The troll claws you but does no damage.
You barely miss the troll. You hit the troll but do no damage.
The troll bites you!
* * * LOW HITPOINT WARNING * * *
The troll closely misses you. The troll misses you.
You hit the troll but do no damage. You closely miss the troll.
You hit the troll but do no damage. The troll bites you.
* * * LOW HITPOINT WARNING * * *
The troll misses you. The troll barely misses you.
You barely miss the troll.
You feel a strong urge to attack something.
You feel your anger nearly subside.
You are no longer berserk.
You are exhausted.
You feel yourself slow down.
Your hands stop glowing.
Okay, then.
You feel yourself speed up. The troll misses you. The troll closely misses you.
The troll claws you but does no damage. The troll attacks as you move away!
The troll bites you!
* * * LOW HITPOINT WARNING * * *
The troll claws you but does no damage. The troll completely misses you.
The troll attacks as you move away! The troll completely misses you.
The troll barely misses you. The troll completely misses you.
The troll attacks as you move away! The troll misses you.
The troll claws you but does no damage. The troll claws you!
You die...

##..##.# ##..##
##..... ##....#
##.### ##......
##...###.##
##....... #.......##
##.##.....
###.......#
##..#......
#######....######
##..#.......
.........###
#######..##.......
........##
#.....#...........
..#######
##@................
#.# ###
##T.###.............
#.# ##.#####O.##
###........... ###
##.........#
#..<........ .#
##.##########
##........... .#
##.## #.
###............
.###O## #.
...............
..#.## #..
####...........
....#
#..####............


You could see a two-headed ogre and a troll.

Vanquished Creatures
  A two-headed ogre (D:9)
  Joseph (D:8)
  A troll (D:10)
  2 hornets (D:8)
  A wyvern (D:8)
  A steam dragon (D:10)
  2 acid dragons (D:9)
  2 water moccasins
  2 sky beasts
  A black bear (D:5)
  3 centaurs
  A bullfrog (D:6)
  7 wights (D:8)
  3 killer bees (D:7)
  5 jellies
  2 howler monkeys
  6 hounds
  2 iguanas (D:6)
  10 orc wizards
  11 gnolls
  10 adders
  A shadow imp (D:6)
  2 ufetubi (D:4)
  4 dart slugs
  22 orcs
  8 endoplasms
  2 giant cockroaches
  7 goblins
  13 hobgoblins
  4 quokkas
  8 ball pythons
  2 bats
  2 frilled lizards (D:2)
  6 kobolds
  8 rats
163 creatures vanquished.

Vanquished Creatures (collateral kills)
  A quokka (D:1)
1 creature vanquished.

Grand Total: 164 creatures vanquished

Notes
Turn   | Place    | Note
-------+----------+-------------------------------------------
     0 | D:5      | bnnuy the Gargoyle Delver began the quest for the Orb.
     0 | D:5      | Reached XP level 1. HP: 14/14 MP: 1/1
    15 | D:4      | Reached XP level 2. HP: 19/19 MP: 2/2
   186 | D:5      | Noticed a black bear
   378 | D:1      | Found Vajyompeb's Book Emporium.
   436 | D:1      | Reached XP level 3. HP: 10/24 MP: 3/3
  1419 | D:2      | Reached XP level 4. HP: 29/29 MP: 4/4
  1899 | D:2      | Found a faded altar of an unknown god.
  2026 | D:2      | Prayed at the altar of an unknown god.
  2026 | D:2      | Became a worshipper of Dithmenos the Shadowed
  2026 | D:2      | Reached * piety under Dithmenos
  2114 | D:3      | Reached XP level 5. HP: 21/34 MP: 5/5
  2127 | D:3      | Reached skill level 1 in Short Blades
  2127 | D:3      | Reached skill level 6 in Stealth
  2231 | D:3      | Found a sacrificial altar of Ru.
  2418 | D:3      | Found a bloodstained altar of Trog.
  2627 | D:3      | Found a burning altar of Makhleb.
  2714 | D:3      | Found a runed translucent door.
  2715 | D:3      | Noticed Crazy Yiuf
  3011 | D:4      | Found Gisep's Distillery.
  3023 | D:4      | Bought a potion of curing for 39 gold pieces
  3023 | D:4      | Bought a potion of might for 52 gold pieces
  3257 | D:4      | Reached XP level 6. HP: 30/39 MP: 6/6
  3534 | D:4      | Reached ** piety under Dithmenos
  4142 | D:4      | Identified the ring "Witinume" {Drain rF+ MP+9 Dex+2}
  4154 | D:4      | Identified the +5 mace "Aneunof" {flame, rC+ rCorr SInv}
  4417 | D:5      | Killed a black bear
  4418 | D:5      | Reached XP level 7. HP: 16/44 MP: 7/7
  4849 | D:5      | Reached skill level 7 in Stealth
  5175 | D:6      | Found a staircase to the Ecumenical Temple.
  5259 | D:6      | Found a hazy altar of Hepliaklqana.
  5520 | D:6      | Found a snail-covered altar of Cheibriados.
  5844 | D:6      | Found a shimmering blue altar of Sif Muna.
  5959 | D:5      | Reached skill level 5 in Maces & Flails
  5959 | D:5      | Reached XP level 8. HP: 32/48 MP: 8/8
  6232 | D:6      | Reached skill level 8 in Stealth
  6811 | Temple   | Entered the Ecumenical Temple
  6883 | D:7      | Reached *** piety under Dithmenos
  6891 | D:7      | Found a broken altar of Ashenzari.
  6935 | D:8      | Noticed a wyvern
  6935 | D:8      | Found a radiant altar of Vehumet.
  6936 | D:8      | Found an ornate altar of the Wu Jian Council.
  6937 | D:8      | Killed a wyvern
  6938 | D:8      | Reached skill level 5 in Dodging
  7102 | D:8      | Reached XP level 9. HP: 48/52 MP: 9/9
  7742 | D:8      | Reached skill level 5 in Short Blades
  7742 | D:8      | Reached skill level 9 in Stealth
  7785 | D:7      | Noticed Joseph
  7863 | D:9      | Noticed a two-headed ogre
  7868 | D:9      | Noticed a two-headed ogre
  7874 | D:9      | Killed a two-headed ogre
  7875 | D:9      | Reached skill level 10 in Stealth
  7961 | D:9      | Noticed a two-headed ogre
  7961 | D:9      | Found a staircase to the Lair.
  8054 | D:9      | Noticed a hornet
  8066 | D:9      | Noticed Maggie
  8098 | D:8      | Killed a hornet
  8446 | D:8      | Learned a level 3 spell: Confusing Touch
  8483 | D:8      | Killed Joseph
  8484 | D:8      | Reached skill level 1 in Spellcasting
  8484 | D:8      | Reached skill level 1 in Hexes
  8484 | D:8      | Reached XP level 10. HP: 33/58 MP: 9/12
  8976 | D:7      | Noticed a purple ugly thing
  9778 | D:10     | Entered Level 10 of the Dungeon
 10357 | D:10     | Noticed a two-headed ogre
 10399 | D:10     | Slain by a troll

Illustrated notes

Levels and vault maps discovered:
D:1:      tarquinn_simple_flora_water_b, layout_loops_corners, serial_shops,
          nicolae_shop_tiny_statue_garden
D:2:      layout_loops_cross, ebering_ecumenical_altar_mist,
          kennysheep_generic_room_12
D:3:      layout_basic, mainiacjoe_overflow_six_doors_small, trog_hazing_becter,
          nicolae_ru_great_annihilating_truth, uniq_crazy_yiuf_cottage
D:4:      layout_gridville, nicolae_overflow_hidden_temple, serial_shops,
          nicolae_shop_advertising_works [nicolae_subvault_shop_adworks],
          roderic_lattice_a, minmay_bent
D:5:      layout_basic, kennysheep_cross_room, minmay_misc_feat_pillars
D:6:      layout_basic, kennysheep_mini, mainiacjoe_overflow_alcove_4,
          lemuel_doored_altar, minmay_temple_entry_nine_rooms
D:7:      layout_cave_pools, mainiacjoe_overflow_surrounded_room,
          enter_bailey_4, minmay_manual_mandibuliform, uniq_joseph
D:8:      layout_gridville, grunt_temple_overflow_open
D:9:      layout_rooms, minmay_lair_entry_grove, orc_0_dummy, uniq_maggie
D:10:     layout_layer_cave
Temple:   nicolae_temple_ecumenical_triangle

Skill      XL: |  1  2  3  4  5  6  7  8  9 10 |
---------------+-------------------------------+-----
Fighting       | 4 |  4.6
Maces & Flails | 3 4 5 |  5.0
Short Blades   | 3 4 7 8 |  8.1
Stealth        | 6 7 8 10 | 10.0
Dodging        | 2 5 |  5.0
Spellcasting   | 1 3 |  3.0
Hexes          | 1 3 |  3.0

Action                     |  1- 3 |  4- 6 |  7- 9 | 10-12 || total
---------------------------+-------+-------+-------+-------++-------
  Melee: Mace              |    75 |    10 |    75 |       ||   160
         Punch             |     4 |     3 |     2 |       ||     9
         Short sword       |     3 |   241 |    58 |       ||   302
         Dagger            |       |       |    99 |   129 ||   228
  Throw: Dart              |     1 |       |       |       ||     1
   Cast: Confusing Touch   |       |       |       |     2 ||     2
 Invoke: Shadow Step       |       |       |       |     1 ||     1
    Use: Potion            |     1 |     2 |     2 |     5 ||    10
         Scroll            |     1 |       |     5 |     6 ||    12
   Stab: Sleeping          |     5 |     8 |    15 |     3 ||    31
         Distracted        |       |     1 |     4 |       ||     5
         Paralysed         |       |     1 |       |       ||     1
 Armour: Leather armour    |    17 |    62 |    59 |    50 ||   188
         Chain mail        |    18 |    36 |       |       ||    54
  Dodge: Dodged            |    41 |   160 |   215 |   130 ||   546
